 Dungeon Crawl Stone Soup version 0.22-a0-292-g0df9d5f (webtiles) character file.

7 grindst0ne the Sneak (level 1, 0/9 HPs)
             Began as a Spriggan Enchanter on Mar 24, 2018.
             Slain by a goblin (3 damage)
             ... on level 1 of the Dungeon.
             The game lasted 00:00:34 (373 turns).

grindst0ne the Sneak (Spriggan Enchanter)            Turns: 373, Time: 00:00:35

Health: 0/9        AC:  2    Str:  4    XL:     1   Next: 91%
Magic:  4/5        EV: 18    Int: 16    God:
Gold:   36         SH:  0    Dex: 16    Spells: 4/5 levels left

rFire    . . .     SeeInvis +   a - +1 dagger
rCold    . . .     Gourm    .   (shield restricted)
rNeg     . . .     Faith    .   b - +0 robe
rPois    .         Spirit   .   (helmet restricted)
rElec    .         Reflect  .   (no cloak)
rCorr    .         Harm     .   (gloves unavailable)
MR       .....                  (boots unavailable)
Stlth    +++.......             (no amulet)
HPRegen  0.03/turn              (no ring)
MPRegen  0.09/turn              (no ring)

@: very quick
A: very small, unfitting armour, see invisible, herbivore, speed 3, slow
metabolism 2
a: no special abilities


You were on level 1 of the Dungeon.
You were not hungry.

You visited 1 branch of the dungeon, and saw 1 of its levels.

You collected 36 gold pieces.

Inventory:

Hand Weapons
 a - a +1 dagger (weapon)
Armour
 b - a +0 robe (worn)
Scrolls
 c - a scroll of remove curse {unknown}
 e - 2 scrolls of immolation {unknown}
 g - a scroll of enchant weapon {unknown}
Potions
 f - a potion of haste {unknown}
Comestibles
 d - 4 rations


   Skills:
 - Level 1.1 Short Blades
 + Level 3.3 Dodging
 + Level 4.7 Stealth
 - Level 2.6 Spellcasting
 + Level 3.9 Hexes


You had 4 spell levels left.
You knew the following spells:

 Your Spells              Type           Power        Failure   Level  Hunger
a - Corona                Hex            ##.....      3%          1    #......


Dungeon Overview and Level Annotations

Branches:
Dungeon (1/15)

Altars:


Innate Abilities, Weirdness & Mutations

You are very small and have problems with some larger weapons.
You are too small for most types of armour.
You have supernaturally acute eyesight. (SInv)
You are a herbivore.
You cover ground extremely quickly.
You need to consume almost no food.


Message History

A goblin is nearby!
The goblin shouts!
You closely miss the goblin. The goblin hits you.
You completely miss the goblin. The goblin misses you.
You hit the goblin.
The goblin is heavily wounded.
The goblin closely misses you.
Casting: Corona (safe; 3% risk of failure)
Confirm with . or Enter, or press ? or * to list all spells.
Aiming: Corona (safe; 3% risk of failure)
Press: ? - help, Shift-Dir - straight line, f - goblin
Aim: a goblin (heavily wounded, chance to defeat MR: 68%)
The goblin is outlined in light.
The goblin closely misses you.
You hit the goblin but do no damage.
The goblin is heavily wounded.
The goblin closely misses you.
You barely miss the goblin.
The goblin is heavily wounded.
The goblin hits you.
You die...

#>.......# #(#
#####.#### ##'##
#.# ##.(.# #.###
##..... ##.#.##
##.(....
##.....####.......
##.........+.......
#.......####.......
#.@g....# ##......
#.......# ##.....
##.....## ##...#
##...## ### ##'##
...... ..#####.##
..######.##......
..# ####.##.##.#.
... ....##.#.... ..
#..##......


You could see a goblin.

Vanquished Creatures
  A hobgoblin (D:1)
  A frilled lizard (D:1)
  5 kobolds (D:1)
  2 rats (D:1)
9 creatures vanquished.

Notes
Turn   | Place    | Note
-------+----------+-------------------------------------------
     0 | D:1      | grindst0ne the Spriggan Enchanter began the quest for the Orb.
     0 | D:1      | Reached XP level 1. HP: 9/9 MP: 5/5
   373 | D:1      | Slain by a goblin

Vault maps used:
D:1:      onia_arrival_mini_spirals

Action                   || total
-------------------------++-------
Melee: Dagger            ||    48
 Cast: Corona            ||     3
 Stab: Sleeping          ||     1
Armor: Robe              ||     5
Dodge: Dodged            ||    32

Table legend:
 A = Spawn XP
 B = Non-spawn XP
 C = Spawn XP percentage of total XP
 D = Spawn monster count
 E = Non-spawn monster count
 F = Spawn count percentage of total count
 G = Total turns spent on level
                    A         B        C        D         E        F      G
               +---------+---------+-------+---------+---------+-------+---------
         Total |       0 |      11 |   0.0 |       0 |       9 |   0.0 |   373
               +---------+---------+-------+---------+---------+-------+---------
           D:1 |       0 |      11 |   0.0 |       0 |       9 |   0.0 |   373
               +---------+---------+-------+---------+---------+-------+---------
